 Dungeon Crawl Stone Soup version 0.19.0-19-g8c6edcc (console) character file.

50 CALLOUS the Stinger (level 3, -1/31 HPs)
             Began as a Troll Venom Mage on Nov 13, 2016.
             Killed from afar by CALLOUS's ghost (7 damage)
             ... with a rocky blast
             ... on level 3 of the Dungeon.
             The game lasted 00:34:34 (2034 turns).

CALLOUS the Stinger (Troll Venom Mage)              Turns: 2034, Time: 00:34:35

Health: -1/31      AC:  5    Str: 17    XL:     3   Next: 55%
Magic:  1/3        EV: 10    Int: 11    God:
Gold:   17         SH:  0    Dex: 10    Spells: 1 memorised, 3 levels left

rFire  . . .     SeeInvis .       - Unarmed
rCold  . . .     Gourm    +     j - +0 robe
rNeg   . . .     Faith    +     (no shield)
rPois  .         Spirit   .     (helmet restricted)
rElec  .         Reflect  .     (no cloak)
rCorr  .         Harm     .     (gloves unavailable)
MR     .....                    (boots unavailable)
Stlth  +.........               m - amulet of faith
                                (no ring)
                                (no ring)

@: no status effects
A: unfitting armour, claws 3, fast metabolism 3, gourmand, regeneration 1,
shaggy fur 1, tough skin 2
a: no special abilities


You were on level 3 of the Dungeon.
You were full.

You visited 1 branch of the dungeon, and saw 4 of its levels.

You collected 17 gold pieces.

Inventory:

Missiles
 g - 18 stones (quivered)
 h - 15 poisoned needles
Armour
 a - a +0 robe
 j - a +0 robe (worn)
Jewellery
 m - an amulet of faith (around neck)
Scrolls
 r - a scroll of fear
Potions
 d - a potion of beneficial mutation {unknown}
 k - a potion of lignification {unknown}
 p - a potion of berserk rage {unknown}
 q - a potion of agility {unknown}
Books
 b - a Young Poisoner's Handbook

   Spells                             Type                      Level
   a - Sting                          Conjuration/Poison           1
   b - Mephitic Cloud                 Conjuration/Poison/Air       3
   c - Olgreb's Toxic Radiance        Poison                       4
   d - Alistair's Intoxication        Transmutation/Poison         5
   e - Venom Bolt                     Conjuration/Poison           5
Comestibles
 c - 2 bread rations
 n - a meat ration


   Skills:
 + Level 0.3 Throwing
 + Level 1.9 Dodging
 - Level 1.0 Stealth
 * Level 2.8 Unarmed Combat
 - Level 1.2 Spellcasting
 - Level 2.9 Poison Magic


You had 3 spell levels left.
You knew the following spells:

 Your Spells              Type           Power        Failure   Level  Hunger
a - Sting                 Conj/Pois      #...         21%         1    ##.....


Dungeon Overview and Level Annotations

Branches:
Dungeon (4/15)
 Temple: D:4-7

Altars:

Annotations:
D:2 exclusion: adder
D:3 CALLOUS's ghost, amateur MfEE


Innate Abilities, Weirdness & Mutations

You are too large for most types of armour.
You have claws for hands.
Your metabolism is lightning-fast.
You like to eat raw meat.
Your natural rate of healing is unusually fast.
You are covered in fur. (AC +1)
You have very tough skin. (AC +2)


Message History

Aim: an ogre, wielding a giant spiked club (moderately wounded)
The sting hits the ogre.
The ogre is moderately wounded.
The ogre closely misses you.
You scratch the ogre but do no damage.
The ogre is moderately wounded.
You barely miss the ogre.
The ogre is moderately wounded.
The ogre hits you with a giant spiked club!!
Ouch! That really hurt!
You see here 5 gold pieces.
There is a stone staircase leading up here.
The ogre hits you with a giant spiked club!
* * * LOW HITPOINT WARNING * * *
You climb upwards.
Level annotation: CALLOUS's ghost, amateur MfEE
There is a stone staircase leading down here.
CALLOUS's ghost points at you and mumbles some strange words.
The rocky blast hits you!
You die...

#.. ..............
#.##################.......
#.#..................######
#.#.....############.#
#.#..##..###########.#####.
#..........................
#######........#.#########.#####.
...............#.# #.#
..........#...##.#########.#
.#######>....O...W.............#
.#............##@###.####........
.#...........#.......####.#.....#
.########..#.#.#...#...##. .....W
.# #.#......#...#.#.#.. .⌠.⌠.# .#
#............#.#.#.. ...... .#
#.#..#.####..#.#.#.. .....#
#.##.#.# #..#.#.#
#....#.####..#.#.#
######.#.......#.# #.#.##..###.#
#.#..#......#


You could see an ogre and CALLOUS's ghost.

Vanquished Creatures
  A worm (D:4)
  A dart slug (D:1)
  A leopard gecko (D:1)
  3 bats
  2 giant cockroaches
  7 hobgoblins (D:1)
  4 jackals (D:2)
  8 kobolds
  2 frilled lizards
  3 goblins
  11 rats
43 creatures vanquished.

Notes
Turn   | Place    | Note
-------+----------+-------------------------------------------
     0 | D:1      | CALLOUS the Troll Venom Mage began the quest for the Orb.
     0 | D:1      | Reached XP level 1. HP: 16/16 MP: 1/1
   122 | D:1      | Reached skill level 1 in Unarmed Combat
   174 | D:1      | Reached XP level 2. HP: 21/24 MP: 0/2
  1450 | D:1      | Reached XP level 3. HP: 31/31 MP: 1/3
  1939 | D:3      | Noticed CALLOUS's ghost (amateur MfEE)
  2000 | D:4      | Noticed an ogre
  2034 | D:3      | Killed from afar by CALLOUS's ghost

Skill      XL: |  1  2 |
---------------+-------+-----
Unarmed Combat | 1 2 |  2.8
Throwing       | |  0.3
Dodging        | |  1.9
Stealth        | |  1.0
Spellcasting   | |  1.2
Poison Magic   | |  2.9

Action                   || total
-------------------------++-------
Melee: Unarmed           ||    56
Throw: Stone             ||    24
 Cast: Sting             ||    58
  Use: Scroll            ||     2
  Eat: Chunk             ||    24
Armor: Robe              ||    11
Dodge: Dodged            ||    27
